 Dungeon Crawl Stone Soup version 0.28.0-53-g5a82cb258f (webtiles) character file.

Game seed: 8863298427415689961

379 safid the Cleaver (level 6, -1/52 HPs)
             Began as a Hill Orc Fighter on Aug 4, 2022.
             Was a Follower of Beogh.
             Slain by a killer bee (5 damage)
             ... on level 4 of the Dungeon.
             The game lasted 00:02:35 (2745 turns).

safid the Cleaver (Hill Orc Fighter)                Turns: 2745, Time: 00:02:36

Health: -1/52      AC: 12    Str: 21    XL:     6   Next: 74%
Magic:  6/6        EV:  5    Int:  8    God:    Beogh [*.....]
Gold:   117        SH:  4    Dex: 10    Spells: 5/5 levels left

rFire   . . .      SeeInvis .   a - +0 war axe
rCold   . . .      Faith    .   c - +0 buckler
rNeg    . . .      Spirit   .   l - +0 plate armour
rPois   .          Reflect  .   k - +0 helmet
rElec   .          Harm     .   (no cloak)
rCorr   .          Rampage  .   (no gloves)
Will    .....                   (no boots)
Stlth   ..........              (no amulet)
HPRegen 0.17/turn               (no ring)
MPRegen 0.10/turn               (no ring)

@: lethally poisoned (-1 -> -12)
A: no striking features
a: Renounce Religion


You were on level 4 of the Dungeon.
You worshipped Beogh.
Beogh was aware of your devotion.
You visited 1 branch of the dungeon, and saw 4 of its levels.

You collected 117 gold pieces.

Inventory:

Hand Weapons
 a - a +0 war axe (weapon)
Missiles
 g - a throwing net (quivered)
 n - 2 poisoned darts
Armour
 c - a +0 buckler (worn)
 k - a +0 helmet (worn)
 l - a +0 plate armour (worn)
Scrolls
 b - a scroll of identify {unknown}
 f - a scroll of acquirement {unknown}
 h - a scroll of immolation {unknown}
 i - a scroll of teleportation {unknown}
 m - a scroll of amnesia {unknown}
Potions
 d - a potion of might
 e - a potion of magic {unknown}
 j - 3 potions of curing {unknown}
 o - a potion of degeneration {unknown}
 p - a potion of heal wounds {unknown}


   Skills:
 - Level 4.0 Fighting
 + Level 8.1 Axes
 - Level 4.0 Armour
 - Level 4.0 Shields


You had 5 spell levels left.
You didn't know any spells.
Your spell library was empty.

Dungeon Overview and Level Annotations

Branches:
Dungeon (4/15)
 Temple: D:4-7

Altars:
Kikubaaqudgha


Message History

The killer bee is almost dead.
You hear an angry buzzing noise. x2
A killer bee comes into view.
The killer bee stings you but does no damage. x2
You miss the killer bee.
The killer bee is almost dead.
The killer bee stings you but does no damage.
A killer bee comes into view.
The killer bee stings you but does no damage.
You miss the killer bee.
The killer bee is almost dead.
The killer bee buzzes angrily.
The killer bee stings you!
You are poisoned.
The killer bee poisons you! The killer bee stings you!
The killer bee barely misses you.
You feel sick. The killer bee stings you.
You are more poisoned.
The killer bee poisons you!
The killer bee stings you but does no damage.
The killer bee barely misses you. The killer bee completely misses you.
You feel very sick.
The killer bee stings you but does no damage. x2
The killer bee stings you!
You feel sick. The killer bee barely misses you. x2
The killer bee stings you.
* * * LOW HITPOINT WARNING * * *
You are lethally poisoned!
The killer bee poisons you!
The killer bee stings you but does no damage. x2
* * * LOW HITPOINT WARNING * * *
You feel very sick.
The killer bee stings you but does no damage. x2
The killer bee closely misses you.
Things that are here:
a +0 club; a goblin corpse
* * * LOW HITPOINT WARNING * * *
You feel very sick. The killer bee stings you.
You die...

# #.....## ##......# ###
#.#...# ##.......#
..###.##.## #........#
...##..### #..!.....#
.....#.# #........# .......#
#........#
.......#########........###..
........##......yyy..........
...............†@y...........
...........######y...########
..........## ######
..........## ...........#
...).......# #..........##
#.......<...# ###....(....#


You could see 5 killer bees.

Vanquished Creatures
  A necrophage (D:4)
  A howler monkey (D:4)
  A centaur skeleton (D:4)
  A hound (D:2)
  An orc priest (D:2)
  An orc wizard (D:2)
  3 gnolls (D:2)
  4 adders
  3 worms
  A dart slug (D:2)
  An orc (D:2)
  2 ball pythons
  4 bats
  7 endoplasms
  4 giant cockroaches
  8 goblins
  8 hobgoblins
  4 jackals (D:3)
  5 kobolds
  3 quokkas
  3 frilled lizards
  6 rats
72 creatures vanquished.

Notes
Turn   | Place    | Note
-------+----------+-------------------------------------------
     0 | D:1      | safid the Hill Orc Fighter began the quest for the Orb.
     0 | D:1      | Reached XP level 1. HP: 19/19 MP: 1/1
   178 | D:1      | Reached XP level 2. HP: 23/27 MP: 2/2
   268 | D:1      | Reached skill level 3 in Axes
   633 | D:1      | Found a faded altar of an unknown god.
   687 | D:1      | Reached XP level 3. HP: 31/33 MP: 3/3
  1085 | D:2      | Found an ancient bone altar of Kikubaaqudgha.
  1166 | D:2      | Reached skill level 4 in Axes
  1166 | D:2      | Reached XP level 4. HP: 27/40 MP: 4/4
  1743 | D:2      | Reached skill level 5 in Axes
  1743 | D:2      | Reached XP level 5. HP: 46/46 MP: 5/5
  1744 | D:2      | Became a worshipper of Beogh the Brigand
  1930 | D:2      | Reached skill level 6 in Axes
  2344 | D:3      | Reached XP level 6. HP: 51/52 MP: 6/6
  2594 | D:4      | Reached skill level 7 in Axes
  2696 | D:4      | Reached * piety under Beogh
  2705 | D:4      | Noticed a necrophage
  2716 | D:4      | Killed a necrophage
  2717 | D:4      | Reached skill level 8 in Axes
  2745 | D:4      | Slain by a killer bee

Illustrated notes

Levels and vault maps discovered:
D:1:      eino_arrival_tree_alley, layout_loops_cross, basic_ecumenical_altar,
          minmay_hexomino_f4
D:2:      layout_loops_ring, basic_altar, grunt_ministairs_7
D:3:      layout_rooms
D:4:      layout_cave_pods, ebering_ghost_disaster_area

Skill      XL: |  1  2  3  4  5  6 |
---------------+-------------------+-----
Axes           | 3 4 5 6 8 |  8.1
Fighting       | 4 |  4.0
Armour         | 4 |  4.0
Shields        | 4 |  4.0

Action                   |  1- 3 |  4- 6 || total
-------------------------+-------+-------++-------
Melee: War axe           |    82 |   126 ||   208
Invok: Convert to Beogh  |       |     1 ||     1
Armor: Scale mail        |    34 |    20 ||    54
       Plate armour      |       |    61 ||    61
Dodge: Dodged            |    34 |    51 ||    85
Block: Buckler           |    23 |    23 ||    46
